[Event "49th Rilton Cup 2019-20"]
[Site "Stockholm"]
[Date "2020.01.02"]
[Round "6.22"]
[White "Valkama, Eero"]
[Black "Percivaldi, Martin"]
[Result "1/2-1/2"]
[ECO "C03"]
[WhiteElo "2249"]
[BlackElo "2386"]
[Annotator "ChessBase"]
[PlyCount "131"]
[EventDate "2019.12.27"]
[EventType "swiss"]
[EventCountry "SWE"]
[SourceTitle "playchess.com"]
[Source "ChessBase"]
[SourceQuality "1"]
[TimeControl "40/5400+30:1800+30"]

1. e4 e6 2. d4 d5 3. Nd2 Be7 4. Bd3 c5 5. dxc5 Nf6 6. Qe2 O-O 7. Ngf3 a5 8. O-O Na6 9. e5 Nd7 10. c4 Ndxc5 11. Bb1 Nb4 12. cxd5 exd5 13. a3 Nc6 14. Nb3 Nxb3 15. Qc2 Bf5 16. Qxb3 a4 17. Qb5 Be4 18. Qe2 Bxb1 19. Rxb1 d4 20. Rd1 Qd5 21. Bf4 Rfd8 22. Rd3 h6 23. Rbd1 Bc5 24. Re1 Re8 25. Qd2 Re6 26. h3 Ra5 27. Qc2 b5 28. Red1 Qc4 29. Qe2 b4 30. Qe4 Bb6 31. axb4 Rd5 32. Ra3 Rd8 33. Rxa4 Qb3 34. Rda1 Qxb2 35. Rb1 Qc3 36. b5 Ne7 37. Ra8 Rxa8 38. Qxa8+ Kh7 39. Qe4+ Kg8 40. Rd1 f5 41. Qa8+ Kf7 42. Qa2 Qb4 43. h4 d3 44. Be3 Bxe3 45. fxe3 Qe4 46. Kf2 Nd5 47. Qa7+ Kg6 48. Qd4 Rb6 49. Rxd3 Rxb5 50. Rd2 Qxd4 51. Nxd4 Rb7 52. Nxf5 Kxf5 53. Rxd5 Ke4 54. Rd4+ Kxe5 55. Kf3 Rf7+ 56. Rf4 Ra7 57. Kg4 Ra3 58. Rf8 Rxe3 59. Re8+ Kd4 60. Rxe3 Kxe3 61. Kf5 Kf2 62. h5 Kg3 63. Kg6 Kh4 64. Kxg7 Kxh5 65. g4+ Kxg4 66. Kxh6 1/2-1/2

[Event "49th Rilton Cup 2019-20"]
[Site "Stockholm"]
[Date "2020.01.02"]
[Round "6.23"]
[White "Kaasen, Tor Fredrik"]
[Black "Ajay Krishna, S."]
[Result "1-0"]
[ECO "D31"]
[WhiteElo "2385"]
[BlackElo "2302"]
[Annotator "NA"]
[PlyCount "79"]
[EventDate "2019.12.27"]
[EventType "swiss"]
[EventCountry "SWE"]
[SourceTitle "playchess.com"]
[Source "ChessBase"]
[SourceQuality "1"]
[TimeControl "40/5400+30:1800+30"]

1. d4 d5 2. c4 e6 3. Nc3 Bb4 4. cxd5 exd5 5. Bf4 c6 6. e3 Ne7 7. Nge2 O-O 8. a3 Bd6 9. Bxd6 Qxd6 10. Ng3 Nd7 11. Bd3 f5 12. Qc2 g6 13. Nce2 Nf6 14. b4 Be6 15. O-O h5 16. Nf4 Bf7 17. Rfc1 Ne4 18. Be2 h4 $11 19. Nxe4 fxe4 20. b5 Qf6 21. bxc6 bxc6 22. Bg4 Rab8 23. Rab1 Rb6 24. Qa4 Rfb8 25. Rb4 Rxb4 26. axb4 Qd6 27. Qxa7 Rxb4 28. Nh3 Rb2 29. Qd7 Qb4 30. Be6 Kg7 31. g3 hxg3 32. hxg3 Bxe6 33. Qxe6 Rb1 34. Rxb1 Qxb1+ 35. Kg2 Qb7 36. Ng5 Nf5 37. Qe5+ Kh6 38. Ne6 Qc8 39. g4 Qg8 40. Qh2+ 1-0

[Event "49th Rilton Cup 2019-20"]
[Site "Stockholm"]
[Date "2020.01.02"]
[Round "6.24"]
[White "Valsecchi, Alessio"]
[Black "Chernyak, Viktoria"]
[Result "1-0"]
[ECO "A11"]
[WhiteElo "2503"]
[BlackElo "2284"]
[Annotator "ChessBase"]
[PlyCount "89"]
[EventDate "2019.12.27"]
[EventType "swiss"]
[EventCountry "SWE"]
[SourceTitle "playchess.com"]
[Source "ChessBase"]
[SourceQuality "1"]
[TimeControl "40/5400+30:1800+30"]

1. c4 c6 2. Nf3 d5 3. e3 Nf6 4. Nc3 g6 5. d4 Bg7 6. Bd3 O-O 7. O-O Be6 8. Qe2 a5 9. Rd1 Nbd7 10. h3 Bf5 11. e4 dxe4 12. Nxe4 Nxe4 13. Bxe4 Bxe4 14. Qxe4 Nf6 15. Qe2 a4 16. Bd2 Re8 17. Bc3 Qd7 18. Ne5 Qf5 19. Re1 h5 20. Rad1 Rac8 21. Rd3 b5 22. Rf3 Qe6 23. Qd3 Qd6 24. cxb5 cxb5 25. Qxb5 Ra8 26. a3 Reb8 27. Qd3 Rb7 28. Bb4 Qd5 29. Qc2 e6 30. Bc3 Rc7 31. Rg3 Raa7 32. Qd3 Rab7 33. Nxg6 fxg6 34. Re5 Qc4 35. Qxg6 Rf7 36. Rc5 Qe2 37. d5 Kf8 38. Rc8+ Ke7 39. dxe6 Qd1+ 40. Kh2 Kxe6 41. Re8+ Rbe7 42. Re3+ Kd7 43. R8xe7+ Rxe7 44. Rxe7+ Kxe7 45. Qxg7+ 1-0

[Event "49th Rilton Cup 2019-20"]
[Site "Stockholm"]
[Date "2020.01.03"]
[Round "7.7"]
[White "Pantzar, Milton"]
[Black "Hillarp Persson, Tiger"]
[Result "1/2-1/2"]
[ECO "A41"]
[WhiteElo "2410"]
[BlackElo "2537"]
[Annotator "ChessBase"]
[PlyCount "118"]
[EventDate "2019.12.27"]
[EventType "swiss"]
[EventCountry "SWE"]
[SourceTitle "playchess.com"]
[Source "ChessBase"]
[SourceQuality "1"]
[TimeControl "40/5400+30:1800+30"]

1. d4 d6 2. c4 e5 3. d5 a5 4. Nc3 g6 5. e4 Na6 6. Be3 h5 7. Nf3 Bh6 8. Bxh6 Nxh6 9. a3 Bd7 10. Rb1 Nc5 11. b4 axb4 12. axb4 Na4 13. Nxa4 Rxa4 14. Be2 O-O 15. O-O Qe7 16. c5 Rfa8 17. cxd6 cxd6 18. Qc1 Ng4 19. Qc7 Nf6 20. Bb5 Ra2 21. Rfc1 Kg7 22. h3 R8a7 23. Bxd7 Nxd7 24. Qc8 b5 25. Rc7 Nb6 26. Rxe7 Nxc8 27. Rxa7 Rxa7 28. Rc1 Ne7 29. h4 f6 30. Kf1 Kf7 31. Ng1 Ra4 32. Rb1 f5 33. f3 fxe4 34. fxe4 Ng8 35. Nf3 Nf6 36. Ng5+ Ke7 37. Rb3 Ng4 38. Rc3 Rxb4 39. Rc7+ Ke8 40. Rg7 Nf6 41. Rxg6 Nxe4 42. Nxe4 Rxe4 43. Rxd6 Rxh4 44. Re6+ Kd7 45. Rxe5 Kd6 46. Rf5 b4 47. Ke2 Kc5 48. Ke3 Rh1 49. Kd2 Rh2 50. Rg5 Rh4 51. Kc2 Kc4 52. d6 b3+ 53. Kb2 Rd4 54. Rxh5 Rd2+ 55. Kb1 Rxd6 56. Rh4+ Kc3 57. Rh3+ Kb4 58. g4 Rd1+ 59. Kb2 Rd2+ 1/2-1/2

[Event "49th Rilton Cup 2019-20"]
[Site "Stockholm"]
[Date "2020.01.03"]
[Round "7.9"]
[White "Rathanvel, V S"]
[Black "Blomqvist, Erik"]
[Result "1-0"]
[ECO "B67"]
[WhiteElo "2411"]
[BlackElo "2537"]
[Annotator "ChessBase"]
[PlyCount "81"]
[EventDate "2019.12.27"]
[EventType "swiss"]
[EventCountry "SWE"]
[SourceTitle "playchess.com"]
[Source "ChessBase"]
[SourceQuality "1"]
[TimeControl "40/5400+30:1800+30"]

1. e4 c5 2. Nf3 d6 3. d4 cxd4 4. Nxd4 Nf6 5. Nc3 Nc6 6. Bg5 e6 7. Qd2 a6 8. O-O-O Bd7 9. f3 Nxd4 10. Qxd4 Be7 11. Kb1 b5 12. h4 Qc7 13. h5 h6 14. Bh4 Qb7 15. g4 b4 16. Ne2 Rc8 17. Qd2 a5 18. g5 hxg5 19. Bxg5 Nxe4 20. fxe4 Bxg5 21. Qxd6 Ba4 22. Nd4 Bxc2+ 23. Nxc2 Rd8 24. Ba6 Rxd6 25. Bxb7 Rxh5 26. Rhg1 Bf4 27. Rxd6 Bxd6 28. Rd1 Ke7 29. Nd4 Bc7 30. Nc6+ Ke8 31. e5 Rh2 32. Ba6 g5 33. Rg1 a4 34. Bb5 a3 35. Nxb4+ Kf8 36. bxa3 Bxe5 37. Rxg5 f5 38. Nd3 Bc3 39. Bc4 Ke7 40. Rg6 Bf6 41. a4 1-0

[Event "49th Rilton Cup 2019-20"]
[Site "Stockholm"]
[Date "2020.01.03"]
[Round "7.10"]
[White "Spyropoulos, Nikolaos"]
[Black "Hauge, Lars Oskar"]
[Result "0-1"]
[ECO "B32"]
[WhiteElo "2401"]
[BlackElo "2504"]
[Annotator "ChessBase"]
[PlyCount "50"]
[EventDate "2019.12.27"]
[EventType "swiss"]
[EventCountry "SWE"]
[SourceTitle "playchess.com"]
[Source "ChessBase"]
[SourceQuality "1"]
[TimeControl "40/5400+30:1800+30"]

1. e4 c5 2. Nf3 Nc6 3. d4 cxd4 4. Nxd4 e5 5. Nb5 a6 6. Nd6+ Bxd6 7. Qxd6 Qf6 8. Qd1 Qg6 9. Nc3 d5 10. Nxd5 Qxe4+ 11. Be2 Nd4 12. Nc7+ Ke7 13. Nxa8 Qxg2 14. Rf1 Bf5 15. Be3 Nxc2+ 16. Kd2 Qd5+ 17. Kc1 Nxe3 18. fxe3 Qc5+ 19. Kd2 Qb4+ 20. Kc1 Nh6 21. Rxf5 Nxf5 22. Qc2 Qe1+ 23. Bd1 Nxe3 24. Qc5+ Ke6 25. Nc7+ Kd7 0-1

[Event "49th Rilton Cup 2019-20"]
[Site "Stockholm"]
[Date "2020.01.03"]
[Round "7.11"]
[White "Lokander, Martin"]
[Black "Oratovsky, Michael"]
[Result "1/2-1/2"]
[ECO "C41"]
[WhiteElo "2397"]
[BlackElo "2423"]
[Annotator "NA"]
[PlyCount "106"]
[EventDate "2019.12.27"]
[EventType "swiss"]
[EventCountry "SWE"]
[SourceTitle "playchess.com"]
[Source "ChessBase"]
[SourceQuality "1"]
[TimeControl "40/5400+30:1800+30"]

1. d4 d6 2. e4 Nf6 3. Nc3 e5 4. Nf3 Nbd7 5. Bc4 Be7 6. O-O O-O 7. Re1 c6 8. a4 exd4 9. Qxd4 Ne5 10. Nxe5 dxe5 11. Qxe5 Ng4 12. Qf4 Bd6 13. e5 Nxe5 14. Rd1 Nxc4 15. Qxc4 Qc7 16. Qh4 Bf5 17. Be3 Bxc2 18. Rdc1 Bd3 19. Nb5 Bxh2+ 20. Qxh2 Qxh2+ 21. Kxh2 cxb5 22. Rc3 Be2 23. axb5 Bxb5 24. Rxa7 Bc6 25. Rxa8 Rxa8 26. Ra3 Re8 27. Bb6 f6 28. Re3 Ra8 29. Ra3 Re8 30. Re3 Ra8 31. Ra3 Rc8 32. Rd3 Be8 33. Rc3 Ra8 34. Ra3 Rb8 35. Rd3 Rc8 36. Rc3 Rxc3 37. bxc3 Kf7 38. f4 Ke6 39. Bc5 h5 40. Bf8 Kf7 41. Bc5 Bc6 42. g3 b5 43. Kg1 Ke6 44. Bf8 Kf7 45. Bc5 g6 46. Kf2 Ke6 47. Ke3 Kf5 48. Be7 Kg4 49. Kf2 Kf5 50. Ke3 g5 51. fxg5 fxg5 52. Kf2 Kg4 53. Bd8 h4 1/2-1/2

[Event "49th Rilton Cup 2019-20"]
[Site "Stockholm"]
[Date "2020.01.03"]
[Round "7.12"]
[White "Kaasen, Tor Fredrik"]
[Black "Savanovic, Aleksandar"]
[Result "1-0"]
[ECO "C83"]
[WhiteElo "2385"]
[BlackElo "2420"]
[Annotator "NA"]
[PlyCount "107"]
[EventDate "2019.12.27"]
[EventType "swiss"]
[EventCountry "SWE"]
[SourceTitle "playchess.com"]
[Source "ChessBase"]
[SourceQuality "1"]
[TimeControl "40/5400+30:1800+30"]

1. e4 e5 2. Nf3 Nc6 3. Bb5 a6 4. Ba4 Nf6 5. O-O Nxe4 6. d4 b5 7. Bb3 d5 8. dxe5 Be6 9. c3 Be7 10. Be3 O-O 11. Nbd2 Bg4 12. Bf4 Nc5 13. Bc2 d4 14. h3 Bh5 15. Re1 dxc3 16. bxc3 Nd3 17. Bxd3 Qxd3 18. Nb3 Rad8 19. Qxd3 Rxd3 20. Nfd4 Rxc3 21. Rac1 Nxd4 22. Rxc3 Bb4 23. Rcc1 Nxb3 24. axb3 Bxe1 25. Rxe1 c5 26. Ra1 Ra8 27. Be3 c4 28. bxc4 bxc4 29. g4 Bg6 30. f4 Be4 31. Ra4 Bd3 32. Kf2 g6 33. Bd4 Kf8 34. Ke3 Ke7 35. Rb4 Bf1 36. Rb7+ Ke8 37. f5 gxf5 38. gxf5 Rc8 39. e6 fxe6 40. f6 c3 41. Be5 Rc6 42. Re7+ Kd8 43. Bc7+ Rxc7 44. Rxc7 Ke8 45. Rxh7 c2 46. Kd2 Bd3 47. Rc7 Bg6 48. h4 a5 49. Rg7 Bf7 50. Kxc2 a4 51. Kb2 e5 52. Rg5 Be6 53. h5 Kf7 54. h6 1-0

[Event "49th Rilton Cup 2019-20"]
[Site "Stockholm"]
[Date "2020.01.03"]
[Round "7.15"]
[White "Ivanov, Sergey"]
[Black "Sorensen, Hampus"]
[Result "1-0"]
[ECO "D43"]
[WhiteElo "2478"]
[BlackElo "2364"]
[Annotator "ChessBase"]
[PlyCount "77"]
[EventDate "2019.12.27"]
[EventType "swiss"]
[EventCountry "SWE"]
[SourceTitle "playchess.com"]
[Source "ChessBase"]
[SourceQuality "1"]
[TimeControl "40/5400+30:1800+30"]

1. d4 d5 2. c4 c6 3. Nc3 Nf6 4. Nf3 e6 5. Bg5 h6 6. Bxf6 Qxf6 7. e3 Nd7 8. Bd3 dxc4 9. Bxc4 g6 10. O-O Bg7 11. Re1 O-O 12. e4 e5 13. d5 Nb6 14. Bb3 Bg4 15. Re3 Rad8 16. Qe2 Qe7 17. h3 Bc8 18. dxc6 bxc6 19. Na4 Rd6 20. Rc1 Rfd8 21. Rec3 Qe8 22. Rc5 Nd7 23. Rxc6 Rxc6 24. Rxc6 Nf8 25. Rc7 Rd7 26. Qc2 Bb7 27. Nd2 Bf6 28. Rxd7 Nxd7 29. Nc5 Nxc5 30. Qxc5 Qd7 31. Nc4 Qd4 32. Qxd4 exd4 33. Nd6 Bc6 34. Bxf7+ Kg7 35. Bd5 Bxd5 36. exd5 d3 37. Nc4 d2 38. Nxd2 Bxb2 39. Ne4 1-0

[Event "49th Rilton Cup 2019-20"]
[Site "Stockholm"]
[Date "2020.01.03"]
[Round "7.20"]
[White "Eggleston, David J"]
[Black "Valkama, Eero"]
[Result "0-1"]
[ECO "A14"]
[WhiteElo "2404"]
[BlackElo "2249"]
[Annotator "NA"]
[PlyCount "148"]
[EventDate "2019.12.27"]
[EventType "swiss"]
[EventCountry "SWE"]
[SourceTitle "playchess.com"]
[Source "ChessBase"]
[SourceQuality "1"]
[TimeControl "40/5400+30:1800+30"]

1. Nf3 Nf6 2. c4 e6 3. g3 d5 4. Bg2 Be7 5. O-O O-O 6. d4 c6 7. Nbd2 b6 8. b3 Nbd7 9. Bb2 Bb7 10. Rc1 c5 11. e3 Rc8 12. Re1 Re8 13. Ne5 Qc7 14. Ndf3 dxc4 15. bxc4 Nxe5 16. Nxe5 Red8 17. Qe2 Bxg2 18. Kxg2 Qb7+ 19. Qf3 Qxf3+ 20. Kxf3 Nd7 21. Nd3 Bf6 22. Red1 cxd4 23. exd4 Rc7 24. Rc2 Rdc8 25. Rdc1 Bg5 26. Nf4 Nf6 27. a3 Nd5 28. h4 Nxf4 29. gxf4 Bxh4 30. c5 Rc6 31. f5 Be7 32. fxe6 fxe6 33. Re2 Kf7 34. Rh1 bxc5 35. Rxh7 Bf6 36. dxc5 Rxc5 37. Bxf6 Kxf6 38. Rh4 Rc3+ 39. Re3 Rxe3+ 40. fxe3 Rc5 41. Rd4 g5 42. Kg4 Ra5 43. a4 Re5 44. Kf3 Kf5 45. Rc4 Ra5 46. Re4 Rc5 47. Rb4 a5 48. Rg4 Rc1 49. Rd4 Kf6 50. Re4 e5 51. Rg4 Kf5 52. e4+ Kf6 53. Rg2 Rc3+ 54. Kg4 Re3 55. Kh5 Rxe4 56. Rxg5 Rxa4 57. Rg6+ Kf5 58. Rg5+ Ke6 59. Rg6+ Kd5 60. Kg5 Ke4 61. Kf6 Kf4 62. Rh6 e4 63. Rh4+ Kg3 64. Kg5 Rb4 65. Rg4+ Kf3 66. Rf4+ Ke2 67. Rf5 a4 68. Kg4 e3+ 69. Kg3 Ke1 70. Kf3 e2 71. Re5 Rb3+ 72. Kg2 a3 73. Ra5 Kd2 74. Rd5+ Rd3 0-1

[Event "49th Rilton Cup 2019-20"]
[Site "Stockholm"]
[Date "2020.01.03"]
[Round "7.21"]
[White "Sidhant, Mohapatra"]
[Black "Lindberg, Bengt"]
[Result "1-0"]
[ECO "B91"]
[WhiteElo "2338"]
[BlackElo "2401"]
[Annotator "NA"]
[PlyCount "101"]
[EventDate "2019.12.27"]
[EventType "swiss"]
[EventCountry "SWE"]
[SourceTitle "playchess.com"]
[Source "ChessBase"]
[SourceQuality "1"]
[TimeControl "40/5400+30:1800+30"]

1. e4 c5 2. Nf3 d6 3. d4 cxd4 4. Nxd4 Nf6 5. Nc3 a6 6. g3 g6 7. Bg2 Bg7 8. O-O O-O 9. a4 Bd7 10. Nd5 Nc6 11. Nb3 Nxd5 12. exd5 Ne5 13. Nd4 Rc8 14. h3 b5 15. axb5 axb5 16. b3 f5 17. f4 Nf7 18. Kh2 h5 19. Re1 Bf6 20. Bb2 Qb6 21. Rb1 Rfe8 22. Qd3 b4 23. g4 hxg4 24. hxg4 Nh6 25. Bf3 Bb5 26. Qxb5 Bxd4 27. Qxb6 Bxb6 28. Re2 fxg4 29. Be4 Nf5 30. Kg2 e5 31. dxe6 Rc7 32. Rh1 Rh7 33. Rxh7 Kxh7 34. Bc6 Re7 35. Bf6 Bd8 36. Bxe7 Bxe7 37. Bd5 Bd8 38. Re4 Ne7 39. Bb7 Ba5 40. Kg3 Kg7 41. Kxg4 Kf6 42. Kf3 d5 43. Bxd5 Bc7 44. Bc4 Bd6 45. Rd4 Nf5 46. Rd1 Bc5 47. Rd7 Ne7 48. Ke4 Bf2 49. Rd8 Nc6 50. Rc8 Nd4 51. Rc7 1-0

[Event "49th Rilton Cup 2019-20"]
[Site "Stockholm"]
[Date "2020.01.03"]
[Round "7.23"]
[White "Percivaldi, Martin"]
[Black "Acikel, Mert"]
[Result "1-0"]
[ECO "E07"]
[WhiteElo "2386"]
[BlackElo "2094"]
[Annotator "NA"]
[PlyCount "61"]
[EventDate "2019.12.27"]
[EventType "swiss"]
[EventCountry "SWE"]
[SourceTitle "playchess.com"]
[Source "ChessBase"]
[SourceQuality "1"]
[TimeControl "40/5400+30:1800+30"]

1. Nf3 d5 2. g3 Nf6 3. Bg2 e6 4. c4 Be7 5. O-O O-O 6. d4 c6 7. Nc3 Nbd7 8. Qd3 b6 9. e4 dxc4 10. Qxc4 Bb7 11. Rd1 a6 12. Qe2 b5 13. a3 a5 14. e5 Ne8 15. Ne4 Nc7 16. Bg5 c5 17. dxc5 Bxe4 18. Qxe4 Nd5 19. Bxe7 Qxe7 20. b4 Nc3 21. Qb7 Nxd1 22. Rxd1 axb4 23. axb4 Rfd8 24. Nd4 Qf8 25. Qxb5 Rab8 26. Qe2 Nxc5 27. bxc5 Qxc5 28. Nc6 Rxd1+ 29. Qxd1 Rc8 30. Be4 f5 31. Qd7 1-0

[Event "49th Rilton Cup 2019-20"]
[Site "Stockholm"]
[Date "2020.01.04"]
[Round "8.3"]
[White "Meshkovs, Nikita"]
[Black "Kulaots, Kaido"]
[Result "1/2-1/2"]
[ECO "A04"]
[WhiteElo "2558"]
[BlackElo "2538"]
[Annotator "ChessBase"]
[PlyCount "69"]
[EventDate "2019.12.27"]
[EventType "swiss"]
[EventCountry "SWE"]
[SourceTitle "playchess.com"]
[Source "ChessBase"]
[SourceQuality "1"]
[TimeControl "40/5400+30:1800+30"]

1. Nf3 g6 2. g3 Bg7 3. d4 d5 4. Bg2 Nf6 5. O-O O-O 6. Nbd2 a5 7. c4 c6 8. cxd5 cxd5 9. Nb1 Nc6 10. Nc3 Ne4 11. Bf4 a4 12. Nxa4 Qa5 13. b3 b5 14. Rc1 bxa4 15. Rxc6 axb3 16. axb3 Qb5 17. Rc7 Ra2 18. Re1 Bf5 19. Ng5 Nxg5 20. Bxg5 e6 21. Be7 Re8 22. e3 Rb2 23. Qa1 Rxb3 24. Bf1 Bd3 25. Bxd3 Qxd3 26. Rec1 h5 27. Qa4 Reb8 28. Bd6 Rb1 29. Qd7 Rxc1+ 30. Rxc1 Rb1 31. Rxb1 Qxb1+ 32. Kg2 Qe4+ 33. Kg1 Qb1+ 34. Kg2 Qe4+ 35. Kg1 1/2-1/2

[Event "49th Rilton Cup 2019-20"]
[Site "Stockholm"]
[Date "2020.01.04"]
[Round "8.4"]
[White "Gagare, Shardul"]
[Black "Thybo, Jesper Sondergaard"]
[Result "1-0"]
[ECO "B51"]
[WhiteElo "2468"]
[BlackElo "2576"]
[Annotator "ChessBase"]
[PlyCount "67"]
[EventDate "2019.12.27"]
[EventType "swiss"]
[EventCountry "SWE"]
[SourceTitle "playchess.com"]
[Source "ChessBase"]
[SourceQuality "1"]
[TimeControl "40/5400+30:1800+30"]

1. e4 c5 2. Nf3 d6 3. Bb5+ Nd7 4. O-O a6 5. Bxd7+ Bxd7 6. d4 cxd4 7. Qxd4 Nf6 8. Bg5 h6 9. Bxf6 gxf6 10. Nc3 e6 11. Qd3 Rc8 12. Nd4 Qb6 13. Rab1 h5 14. Kh1 Bg7 15. Rfd1 Bh6 16. Qg3 Qc5 17. f4 Kf8 18. f5 Qe5 19. Qd3 b5 20. fxe6 fxe6 21. Nf3 Qc5 22. e5 f5 23. Qxd6+ Qxd6 24. Rxd6 Ke7 25. Rbd1 Rc7 26. Nh4 Rh7 27. Nxf5+ exf5 28. Nd5+ Kd8 29. e6 Ra7 30. e7+ Ke8 31. Nf6+ Kxe7 32. Nxh7 Be6 33. Rc6 Bf4 34. Re1 1-0

[Event "49th Rilton Cup 2019-20"]
[Site "Stockholm"]
[Date "2020.01.04"]
[Round "8.5"]
[White "Keinanen, Toivo"]
[Black "Urkedal, Frode Olav Olsen"]
[Result "1/2-1/2"]
[ECO "A14"]
[WhiteElo "2447"]
[BlackElo "2545"]
[Annotator "ChessBase"]
[PlyCount "79"]
[EventDate "2019.12.27"]
[EventType "swiss"]
[EventCountry "SWE"]
[SourceTitle "playchess.com"]
[Source "ChessBase"]
[SourceQuality "1"]
[TimeControl "40/5400+30:1800+30"]

1. c4 Nf6 2. g3 e6 3. Bg2 d5 4. Nf3 Be7 5. O-O O-O 6. b3 d4 7. e3 c5 8. exd4 cxd4 9. d3 Nc6 10. Bg5 h6 11. Bxf6 Bxf6 12. a3 a5 13. Nbd2 Be7 14. Qc2 Bd7 15. Qb2 e5 16. Rfe1 Qc7 17. Rac1 b6 18. Re2 Rfe8 19. c5 bxc5 20. Ne4 Rab8 21. Nxc5 Bxc5 22. Rxc5 Qb6 23. Rec2 e4 24. dxe4 Rxe4 25. Rd5 Be8 26. Rc1 Qxb3 27. Qxb3 Rxb3 28. Rdc5 Rxa3 29. Ne1 Re5 30. Bxc6 Rxc5 31. Rxc5 Ra1 32. Bxe8 Rxe1+ 33. Kg2 Rxe8 34. Rxa5 Rd8 35. Kf3 g5 36. Ke4 d3 37. Ra1 Kg7 38. Rd1 Kg6 39. Rxd3 f5+ 40. Ke3 1/2-1/2

[Event "49th Rilton Cup 2019-20"]
[Site "Stockholm"]
[Date "2020.01.04"]
[Round "8.7"]
[White "Ionov, Sergey"]
[Black "Rathanvel, V S"]
[Result "1/2-1/2"]
[ECO "A04"]
[WhiteElo "2521"]
[BlackElo "2411"]
[Annotator "ChessBase"]
[PlyCount "95"]
[EventDate "2019.12.27"]
[EventType "swiss"]
[EventCountry "SWE"]
[SourceTitle "playchess.com"]
[Source "ChessBase"]
[SourceQuality "1"]
[TimeControl "40/5400+30:1800+30"]

1. Nf3 c5 2. c4 Nc6 3. d4 cxd4 4. Nxd4 g6 5. e4 Nf6 6. Nc3 d6 7. f3 Bg7 8. Be3 O-O 9. Qd2 Nxd4 10. Bxd4 a5 11. b3 Bd7 12. Be2 Bc6 13. O-O Nd7 14. Be3 Nc5 15. Rab1 Qb6 16. Rfc1 Qb4 17. Rc2 Ne6 18. Rd1 Rfc8 19. Nd5 Bxd5 20. exd5 Nc5 21. Rb1 Qxd2 22. Bxd2 Nd7 23. a3 b5 24. Rcc1 bxc4 25. Rxc4 Rxc4 26. Bxc4 Bd4+ 27. Kf1 Bc5 28. Bb5 Nb6 29. Bc6 Rb8 30. Ra1 Nc8 31. b4 Bd4 32. Ra2 axb4 33. axb4 Nb6 34. Ke2 e6 35. Kd3 Bg1 36. dxe6 fxe6 37. h3 Nc8 38. Ra8 Rxa8 39. Bxa8 Kf7 40. Bc6 Nb6 41. Bc3 e5 42. Bd2 d5 43. g4 Ke6 44. h4 Nc4 45. Bc3 h5 46. gxh5 gxh5 47. Be8 Bf2 48. Bxh5 1/2-1/2

[Event "49th Rilton Cup 2019-20"]
[Site "Stockholm"]
[Date "2020.01.04"]
[Round "8.8"]
[White "Hauge, Lars Oskar"]
[Black "Pantzar, Milton"]
[Result "1/2-1/2"]
[ECO "C26"]
[WhiteElo "2504"]
[BlackElo "2410"]
[Annotator "ChessBase"]
[PlyCount "141"]
[EventDate "2019.12.27"]
[EventType "swiss"]
[EventCountry "SWE"]
[SourceTitle "playchess.com"]
[Source "ChessBase"]
[SourceQuality "1"]
[TimeControl "40/5400+30:1800+30"]

1. e4 e5 2. Nc3 Nf6 3. Bc4 Bc5 4. d3 c6 5. f4 d5 6. exd5 Ng4 7. Nf3 Nf2 8. Qe2 Nxh1 9. Qxe5+ Qe7 10. Ne4 f6 11. Qxe7+ Bxe7 12. Be3 cxd5 13. Bxd5 Nc6 14. Ke2 Bg4 15. Rxh1 O-O-O 16. Bxc6 bxc6 17. Kf2 Kb7 18. Nfd2 Ka8 19. Nb3 h5 20. Bc5 Bxc5+ 21. Nbxc5 h4 22. h3 Bc8 23. a3 Rhf8 24. Rf1 g5 25. Ke3 Rfe8 26. Kd2 gxf4 27. Nxf6 Re5 28. Nfe4 Rf8 29. Ke2 Re7 30. Rf2 Rg7 31. Nd2 Rfg8 32. Rxf4 Rxg2+ 33. Ke3 R2g3+ 34. Nf3 Rxh3 35. Rxh4 Rg2 36. Rxh3 Bxh3 37. Nd4 Rg6 38. Kd2 Kb8 39. b4 Kc7 40. a4 Bc8 41. Kc3 Rh6 42. Ncb3 Rh4 43. Na5 Bd7 44. Nab3 Bc8 45. Nd2 Rh5 46. N4b3 Rh1 47. Nf3 Rh5 48. Kd4 Rd5+ 49. Kc3 Rh5 50. a5 Bg4 51. Nfd4 Bc8 52. Nc5 Rh4 53. Nf3 Rh3 54. Ng5 Rh2 55. Kb3 Bg4 56. c4 Rh5 57. Nge4 Rh8 58. Kc3 Bc8 59. Nd2 Rf8 60. Ndb3 Rh8 61. Nd4 Rh5 62. Ne4 Rh6 63. Nf3 Bf5 64. Nc5 Bc8 65. Nd4 Rh5 66. Ne4 Rh6 67. b5 Bd7 68. Nc5 cxb5 69. cxb5 Be8 70. Ne4 Rh1 71. Nd2 1/2-1/2

[Event "49th Rilton Cup 2019-20"]
[Site "Stockholm"]
[Date "2020.01.04"]
[Round "8.9"]
[White "Quesada Perez, Luis Ernesto"]
[Black "Kaasen, Tor Fredrik"]
[Result "1-0"]
[ECO "E21"]
[WhiteElo "2499"]
[BlackElo "2385"]
[Annotator "RC"]
[PlyCount "131"]
[EventDate "2019.12.27"]
[EventType "swiss"]
[EventCountry "SWE"]
[SourceTitle "playchess.com"]
[Source "ChessBase"]
[SourceQuality "1"]
[TimeControl "40/5400+30:1800+30"]

1. d4 Nf6 2. c4 e6 3. Nc3 Bb4 4. Nf3 d5 5. Qa4+ Nc6 6. Ne5 Bd7 7. Nxd7 Nxd7 8. cxd5 Nb6 9. Qb5 Nxd5 10. Bd2 O-O 11. e3 a6 12. Qd3 e5 13. dxe5 Nxe5 14. Qxd5 Qxd5 15. Nxd5 Bxd2+ 16. Kxd2 Rad8 17. e4 c6 18. f4 Ng4 19. Be2 Nf6 20. Bf3 Rfe8 21. Rhe1 cxd5 22. exd5 Rxe1 23. Kxe1 Nxd5 24. Rd1 Re8+ 25. Kf2 Nxf4 26. Bxb7 Re2+ 27. Kf1 g5 28. Rb1 Re6 29. b4 Nd3 30. a3 Kg7 31. Rd1 Ne5 32. Rd4 f5 33. h3 Kf6 34. g4 Rb6 35. Bg2 fxg4 36. hxg4 Ke7 37. Ke2 Rd6 38. Re4 Kf6 39. a4 Nd3 40. Bf1 Ne5 41. Ke3 Ke6 42. a5 Kd5 43. Be2 Re6 44. Rd4+ Kc6 45. Kd2 Kc7 46. Re4 Rd6+ 47. Kc3 Ng6 48. Bc4 Rf6 49. Kb3 Rf3+ 50. Ka4 Rf4 51. Rxf4 gxf4 52. Bxa6 Ne5 53. b5 Nxg4 54. b6+ Kc6 55. Bb5+ Kb7 56. Be2 Ne5 57. Kb5 f3 58. a6+ Kb8 59. Bd1 f2 60. Be2 Kc8 61. Bf1 Nf3 62. a7 Kb7 63. Bg2 f1=Q+ 64. Bxf1 Nd4+ 65. Kc5 Ne6+ 66. Kd6 1-0

[Event "49th Rilton Cup 2019-20"]
[Site "Stockholm"]
[Date "2020.01.04"]
[Round "8.12"]
[White "Alexakis, Dimitrios"]
[Black "Sidhant, Mohapatra"]
[Result "1-0"]
[ECO "C45"]
[WhiteElo "2093"]
[BlackElo "2338"]
[Annotator "NA"]
[PlyCount "117"]
[EventDate "2019.12.27"]
[EventType "swiss"]
[EventCountry "SWE"]
[SourceTitle "playchess.com"]
[Source "ChessBase"]
[SourceQuality "1"]
[TimeControl "40/5400+30:1800+30"]

1. e4 e5 2. Nf3 Nc6 3. d4 exd4 4. Nxd4 Bc5 5. Nb3 Bb6 6. Nc3 Nf6 7. Bg5 h6 8. Bh4 d6 9. Qe2 g5 10. Bg3 Qe7 11. h4 Rg8 12. O-O-O Bd7 13. Nd2 Ba5 14. Nd5 Nxd5 15. exd5 Qxe2 16. Bxe2 Nd4 17. Bd3 Bxd2+ 18. Kxd2 Nf5 19. Rde1+ Kf8 20. Bxf5 Bxf5 21. hxg5 hxg5 22. Re3 Kg7 23. Rhe1 Rac8 24. f3 c6 25. c3 cxd5 26. Bxd6 Kg6 27. g4 Bd7 28. Re5 f6 29. Re7 Bc6 30. Bc5 Rge8 31. Rxe8 Rxe8 32. Rxe8 Bxe8 33. Bxa7 f5 34. gxf5+ Kxf5 35. Ke3 Bh5 36. Bb6 Ke6 37. a4 g4 38. f4 g3 39. a5 Kf5 40. Bc7 Kg4 41. b4 Be8 42. f5 g2 43. Bh2 Kxf5 44. Kd4 Ke6 45. Kc5 Kd7 46. Kxd5 Kc8 47. Kc5 Bf7 48. c4 Be6 49. Kb5 Bd7+ 50. Kb6 Be6 51. c5 Bc4 52. b5 Bd3 53. a6 bxa6 54. Kxa6 Kd7 55. Kb6 Ke6 56. Kc6 Be4+ 57. Kc7 Kd5 58. Bg1 Kc4 59. b6 1-0